 Dungeon Crawl Stone Soup version 0.24.1-5-g77f818bfca (webtiles) character file.

Game seed: 7993002937441123111, levelgen mode: deterministic

4748 Dwingvatt99 the Agent of Entropy (level 10, 82/82 HPs)
             Began as a Formicid Abyssal Knight on Apr 24, 2020.
             Was a Priest of Lugonu.
             Quit the game on level 8 of the Dungeon.
             The game lasted 00:25:43 (12285 turns).

Dwingvatt99 the Agent of Entropy (FoAK)            Turns: 12285, Time: 00:25:44

Health: 82/82      AC:  9    Str: 20    XL:     10   Next: 74%
Magic:  16/16      EV: 13    Int: 12    God:    Lugonu [***...]
Gold:   339        SH:  0    Dex: 10    Spells: 9/9 levels left

rFire    . . .     SeeInvis +   a - +2 great sword (distort)
rCold    . . .     Gourm    .   (no shield)
rNeg     + . .     Faith    .   u - +5 robe of Night {Dark MR+ SInv}
rPois    .         Spirit   .   (helmet unavailable)
rElec    .         Reflect  .   (no cloak)
rCorr    +         Harm     .   (no gloves)
MR       +++..                  m - +0 pair of boots
Stlth    +.........             d - macabre finger necklace {rN+}
HPRegen  0.23/turn              j - ring of resist corrosion
MPRegen  0.15/turn              l - ring of protection from magic
                                (no ring)

@: no status effects
A: permanent stasis, dig shafts and tunnels, four strong arms, antennae 3
a: Dig, Shaft Self, Depart the Abyss, Bend Space, Banish, Renounce Religion


You were on level 8 of the Dungeon.
You worshipped Lugonu.
Lugonu was most pleased with you.
You were near starving.

You visited 2 branches of the dungeon, and saw 10 of its levels.
You visited the Abyss 1 time.

You collected 388 gold pieces.
You spent 49 gold pieces at shops.

Inventory:

Hand Weapons
 a - a +2 great sword of distortion (weapon)
   (You found it on level 4 of the Dungeon)
Missiles
 c - a throwing net (quivered) {!f!f}
Armour
 k - a +0 chain mail
   (You found it on level 4 of the Dungeon)
 m - a +0 pair of boots (worn)
   (You found it on level 3 of the Dungeon)
 q - a +3 ring mail
   (You found it on level 3 of the Dungeon)
 t - a +0 scale mail
   (You found it on level 5 of the Dungeon)
 u - the +5 robe of Night (worn) {Dark MR+ SInv}
   (You took it off an orc on level 5 of the Dungeon)

   It affects your resistance to hostile enchantments.
   It lets you see invisible.
Jewellery
 d - the macabre finger necklace (around neck) {rN+}
   (You found it on level 8 of the Dungeon)

   [amulet of nothing]

   It protects you from negative energy.
 j - a ring of resist corrosion (left hand)
   (You found it on level 2 of the Dungeon)
 l - a ring of protection from magic (right hand)
   (You found it on level 2 of the Dungeon)
Scrolls
 b - 3 scrolls of enchant weapon
 g - 2 scrolls of remove curse {@r2@r2}
 r - 4 scrolls of identify {@r1@r1}
 w - 3 scrolls of fear
 x - a scroll of magic mapping
Potions
 f - 2 potions of brilliance
 h - 4 potions of flight
 i - a potion of agility {unknown}
 n - a potion of degeneration {unknown}
 o - a potion of curing {@q1@q1}
 s - 2 potions of resistance {unknown}
 v - a potion of might {unknown}
 z - a potion of lignification {!q!q}
Comestibles
 e - 16 rations {!d!d}


   Skills:
 + Level 8.5 Fighting
 + Level 6.5 Long Blades
   Level 3.3 Maces & Flails
 + Level 8.2 Armour
 - Level 4.0 Dodging
 + Level 8.9 Invocations


You had 9 spell levels left.
You didn't know any spells.
Your spell library contained the following spells:

 Spells                   Type           Power        Failure   Level  Hunger
 Animate Skeleton         Necr           N/A          32%         1    ##.....
 Apportation              Tloc           #.....       32%         1    ##.....
 Beastly Appendage        Tmut           #.....       32%         1    ##.....
 Confusing Touch          Hex            #.....       32%         1    ##.....
 Summon Small Mammal      Summ           #...         32%         1    ##.....
 Sticks to Snakes         Tmut           #.......     45%         2    ###....
 Spider Form              Tmut/Pois      #.........   69%         3    ####...
 Ice Form                 Ice/Tmut       #.......     97%         4    #####..
 Blade Hands              Tmut           #.........   100%        5    ######.


Dungeon Overview and Level Annotations

Branches:
Dungeon (9/15)             Temple (1/1) D:6            Lair (0/6) D:8
    Orc: D:9-12

Altars:
Ashenzari
Cheibriados
Dithmenos
Elyvilon
Fedhas
Gozag
Hepliaklqana
Kikubaaqudgha
Makhleb
Nemelex Xobeh
Okawaru
Qazlal
Ru
Sif Muna
Trog
Uskayaw
Vehumet
Wu Jian
Xom
Yredelemnul
Zin
The Shining One
Lugonu

Shops:
D:4 =

Annotations:
D:8 , corrupted
Abyss:1 Harold


Innate Abilities, Weirdness & Mutations

You cannot be hasted, slowed, berserked, paralysed or teleported.
You can dig through walls and to a lower floor.
Your four strong arms can wield two-handed weapons with a shield.
You have a pair of large antennae on your head. (SInv)


Message History

You are feeling very hungry.
A white imp comes into view.
A white imp is nearby!
A white imp is nearby!
Unknown command.
A white imp is nearby!
The small abomination disappears in a puff of smoke!
An ufetubus is nearby!
You start waiting.
The ynoxinul is too close now for your liking.
You start waiting.
The ynoxinul is too close now for your liking.
You start waiting.
Done waiting.
You are near starving!
Unknown command.
There is a transporter here.
You enter the transporter and appear at another place.
d - the macabre finger necklace {rN+}
Things that are here:
a +0 giant club; an ogre skeleton
There is a transporter here.
You enter the transporter and appear at another place.
w - 3 scrolls of fear (gained 1)
Things that are here:
a +0 giant club; an ogre skeleton
There is a transporter here.
You see here an ugly thing skeleton.
Partly explored, unvisited transporter.
Partly explored, unvisited transporter.
There is a transporter here.
Things that are here:
a +0 giant club; an ogre skeleton
There is a transporter here.
You enter the transporter and appear at another place.
Okay, then.
Okay, then.
Okay, then.
As you read the scroll of identify {@r1@r1}, it crumbles to dust.
p - an uncursed amulet of the acrobat Drop what? 25/52 slots (_ for help) (? for menu, Esc to quit)
You drop an uncursed amulet of the acrobat.
d - the macabre finger necklace (around neck) {rN+} You start removing your armour.
You continue taking off your +3 ring mail. x4
You finish taking off your +3 ring mail.
You start putting on your armour.
You continue putting on the +5 robe of Night {Dark MR+ SInv}. x5
You finish putting on the +5 robe of Night {Dark MR+ SInv}.
The light fades from your surroundings.

#..# ###....# #######...####
#.[.##...##..##
#####©#.##...#.#|(#
.##.#....##.##..#.# #####
#...###...###.....## ###...#
.....##........###.### ####.(..<.
.##...##).....##..#..###.........
..#÷...©#.._.©#©@....([....######
.#...#.##.....##.....?..####
###............#.#..(####
#.###...##....###...### #######
#.#.#.#..###.#.|#...(.###......
#.#....#.####...#......#..#...♣
##.##...#...##..##.###........♣.
##...##.#.#...####.## ##......♣.♣
#..#........#.......## ##....♣.♣.


There were no monsters in sight!

Vanquished Creatures
  Joseph (D:7)
  2 hungry ghosts (D:8)
  Duvessa (D:5)
  A sky beast (D:8)
  An ice beast (D:4)
  3 phantoms (D:6)
  8 centaurs
  2 ogres (D:7)
  A big kobold (D:7)
  4 bullfrogs
  Dowan (D:5)
  2 scorpions
  7 killer bees
  7 wights
  A howler monkey (D:6)
  A quasit (D:8)
  A centaur skeleton (D:4)
  3 hounds
  3 jellies
  A bullfrog skeleton (D:8)
  3 iguanas
  Natasha (thrice) (D:2)
  5 orc wizards
  6 worker ants
  A hound skeleton (D:6)
  A howler monkey skeleton (D:4)
  12 gnolls
  A worker ant zombie (D:5)
  14 adders
  3 shadow imps
  An ooze (D:1)
  An adder zombie (D:8)
  An adder skeleton (D:4)
  2 dart slugs (D:2)
  3 leopard geckos
  30 orcs
  3 ball pythons
  2 giant cockroaches
  2 goblins (D:1)
  A hobgoblin (D:1)
  11 jackals
  7 quokkas
  8 bats
  6 frilled lizards
  7 kobolds
  A leopard gecko skeleton (D:4)
  2 quokka skeletons (D:4)
  7 rats
195 creatures vanquished.

Vanquished Creatures (others)
  3 ugly things (D:8)
  A hungry ghost (D:8)
  3 ogres (D:8)
  4 small abominations (D:8)
  A killer bee (D:8)
  An orc wizard (D:8)
  A worker ant (D:6)
  A shadow imp (D:6)
  2 orcs (D:7)
17 creatures vanquished.

Grand Total: 212 creatures vanquished

Notes
Turn   | Place    | Note
-------+----------+-------------------------------------------
     0 | Abyss:1  | Dwingvatt99 the Formicid Abyssal Knight began the quest for
                  | the Orb.
     0 | Abyss:1  | Reached XP level 1. HP: 18/18 MP: 2/2
    68 | Abyss:1  | Noticed a worldbinder
    71 | Abyss:1  | Noticed an orange demon
    74 | D:1      | Escaped the Abyss
   277 | D:1      | Reached skill level 1 in Dodging
   287 | D:1      | Reached * piety under Lugonu
   293 | D:1      | Reached XP level 2. HP: 18/24 MP: 3/3
   987 | D:1      | Reached XP level 3. HP: 13/29 MP: 4/4
  1685 | D:2      | Reached XP level 4. HP: 27/37 MP: 6/6
  2292 | D:2      | Noticed Natasha
  2679 | D:2      | Reached XP level 5. HP: 37/42 MP: 7/7
  3855 | D:3      | Found a faded altar of an unknown god.
  4283 | D:2      | Killed Natasha
  4283 | D:2      | Reached XP level 6. HP: 24/48 MP: 8/8
  4526 | D:2      | Noticed Natasha
  4535 | D:2      | Killed Natasha
  4683 | D:2      | Noticed Natasha
  4698 | D:2      | Killed Natasha
  5287 | D:4      | Found a sparkling altar of Nemelex Xobeh.
  5412 | D:4      | Reached XP level 7. HP: 45/55 MP: 10/10
  5464 | D:4      | Reached skill level 1 in Long Blades
  5466 | D:4      | Found Wapsalucs's Jewellery Boutique.
  5475 | D:4      | Bought a cursed ring of teleportation for 49 gold pieces
  5512 | D:4      | Found a basalt altar of Yredelemnul.
  5567 | D:4      | Reached skill level 5 in Fighting
  5801 | D:5      | Entered Level 5 of the Dungeon
  5803 | D:5      | Reached ** piety under Lugonu
  5870 | D:5      | Found a sacrificial altar of Ru.
  5870 | D:5      | Found a shattered altar of Ashenzari.
  5879 | D:5      | Found an ancient bone altar of Kikubaaqudgha.
  5883 | D:5      | Found a sparkling altar of Nemelex Xobeh.
  5885 | D:5      | Found an ornate altar of the Wu Jian Council.
  5950 | D:5      | Reached XP level 8. HP: 61/62 MP: 11/11
  5970 | D:5      | Reached skill level 5 in Invocations
  6012 | D:5      | Found a hazy altar of Hepliaklqana.
  6869 | D:5      | Noticed Duvessa
  6892 | D:5      | Noticed Dowan
  6902 | D:5      | Killed Duvessa
  7297 | D:5      | Found a hazy altar of Hepliaklqana.
  7429 | D:5      | Found a sacrificial altar of Ru.
  7429 | D:5      | Found a shattered altar of Ashenzari.
  7434 | D:5      | Found an ancient bone altar of Kikubaaqudgha.
  7436 | D:5      | Found an ornate altar of the Wu Jian Council.
  7437 | D:5      | Found a sparkling altar of Nemelex Xobeh.
  7439 | D:5      | Killed Dowan
  7439 | D:5      | Reached skill level 5 in Armour
  8352 | D:6      | Reached XP level 9. HP: 50/69 MP: 13/13
  8556 | D:6      | Found a staircase to the Ecumenical Temple.
  8646 | D:6      | Reached *** piety under Lugonu
  8674 | Temple   | Entered the Ecumenical Temple
  9842 | D:7      | Noticed Harold
  9843 | D:7      | Noticed Joseph
  9859 | D:7      | Killed Joseph
  9859 | D:7      | Reached skill level 5 in Long Blades
  9861 | D:7      | Banished Harold
  9861 | D:7      | Reached XP level 10. HP: 74/80 MP: 10/16
 10833 | D:8      | Noticed a purple ugly thing
 11500 | D:8      | Found an iron altar of Okawaru.
 11563 | D:8      | Found a corrupted altar of Lugonu.
 11564 | D:8      | Found the macabre finger necklace {rN+}
 11564 | D:8      | Noticed a green ugly thing
 11600 | D:8      | Found a transporter.
 11601 | D:8      | Found a transporter.
 11642 | D:8      | Reached **** piety under Lugonu
 11702 | D:8      | Found a staircase to the Lair.
 11863 | D:8      | Noticed a cyan ugly thing
 11912 | D:9      | Noticed a two-headed ogre
 11968 | D:8      | Corrupted D:8
 11968 | D:8      | Noticed a starcursed mass
 11968 | D:8      | Noticed a worldbinder
 11968 | D:8      | Noticed a sixfirhy
 11968 | D:8      | Noticed a rakshasa
 11968 | D:8      | Noticed a profane servitor
 11974 | D:8      | Killed a cyan ugly thing
 11975 | D:8      | Killed a green ugly thing
 11982 | D:8      | Noticed a sixfirhy
 11982 | D:8      | Killed a purple ugly thing
 12032 | D:8      | Noticed a starcursed mass
 12285 | D:8      | Quit the game

Levels and vault maps discovered:
D:1:      elethiomel_arrival_infinity_welcomes_careful_drivers, layout_basic
D:2:      layout_basic, first_ration, uniq_natasha
D:3:      layout_loops_ring, chequers_ecumenical_altar_simple
D:4:      layout_cave_pods, yredelemnul_altar_generic, serial_shops,
          nicolae_shop_statue_plus, minivault_4, nemelex_spade_bored_becter
D:5:      layout_loops_ring, chequers_temple_overflow_minitemple,
          lemuel_crystal_altar, uniq_duvessa
D:6:      nicolae_whirlpool, layout_rooms, minmay_temple_entry_glass
D:7:      layout_loops_ring, uniq_joseph, uniq_harold
D:8:      gammafunk_corrupted_shrine, layout_layer_cave, okawaru_trees_2,
          lair_entry_dummy
D:9:      layout_gridville
Temple:   minmay_temple_curvy_branch

Skill      XL: |  1  2  3  4  5  6  7  8  9 10 |
---------------+-------------------------------+-----
Dodging        | 1 2 3 4 |  4.0
Invocations    | 3 4 5 8 |  8.9
Armour         | 3 4 5 7 8 |  8.2
Fighting       | 4 5 6 7 8 |  8.5
Maces & Flails | 3 |  3.3
Long Blades    | 2 3 5 6 |  6.5

Action                   |  1- 3 |  4- 6 |  7- 9 | 10-12 || total
-------------------------+-------+-------+-------+-------++-------
Melee: Mace              |    79 |   177 |       |       ||   256
       Great sword       |       |    15 |   248 |   152 ||   415
       Whip              |       |     2 |       |       ||     2
Invok: Depart the Abyss  |     1 |       |       |       ||     1
       Banish            |       |       |     1 |     1 ||     2
       Corrupt           |       |       |       |     1 ||     1
 Abil: Dig               |       |       |       |     4 ||     4
Evoke: Wand              |       |       |       |     3 ||     3
  Use: Scroll            |       |     6 |     8 |     1 ||    15
       Potion            |       |       |     4 |       ||     4
  Eat: Chunk             |     2 |    12 |    10 |    15 ||    39
       Ration            |       |       |     1 |     1 ||     2
Armor: Leather armour    |    29 |    21 |       |       ||    50
       Ring mail         |       |    60 |   125 |   108 ||   293
       Skin              |       |       |    16 |       ||    16
Dodge: Dodged            |    81 |   151 |   180 |   139 ||   551
       Rpst.: Great sword |       |     6 |    47 |    29 ||    82
